Workbook

Sheet RC
A1: LOOKUP | B1: geographyVars | C1: geographyVars_label | D1: occupationVars | E1: occupationVars_label | F1: i_sex_at_birth_code | G1: i_sex_at_birth_code_label | H1: Count | I1: Rate per 1000 employed
A2: =C2&F2 -> Northland Region11 | B2: 1 | C2: Northland Region | D2: 1111 | E2: Chief Executives and Managing Directors | F2: 11 | G2: Male/Tāne | H2: 1113 | I2: =ROUND(IFERROR(H2/VLOOKUP(A2,Totals!$A$2:$H$55,8,0)*1000,0),1) -> 24.6
A3: =C3&F3 -> Northland Region22 | B3: 1 | C3: Northland Region | D3: 1111 | E3: Chief Executives and Managing Directors | F3: 22 | G3: Female/Wahine | H3: 582 | I3: =ROUND(IFERROR(H3/VLOOKUP(A3,Totals!$A$2:$H$55,8,0)*1000,0),1) -> 13.1
A4: =C4&F4 -> Northland RegionTotal | B4: 1 | C4: Northland Region | D4: 1111 | E4: Chief Executives and Managing Directors | F4: Total | G4: Total | H4: 1692 | I4: =ROUND(IFERROR(H4/VLOOKUP(A4,Totals!$A$2:$H$55,8,0)*1000,0),1) -> 18.9
A5: =C5&F5 -> Northland Region11 | B5: 1 | C5: Northland Region | D5: 1112 | E5: General Managers | F5: 11 | G5: Male/Tāne | H5: 468 | I5: =ROUND(IFERROR(H5/VLOOKUP(A5,Totals!$A$2:$H$55,8,0)*1000,0),1) -> 10.3
A6: =C6&F6 -> Northland Region22 | B6: 1 | C6: Northland Region | D6: 1112 | E6: General Managers | F6: 22 | G6: Female/Wahine | H6: 297 | I6: =ROUND(IFERROR(H6/VLOOKUP(A6,Totals!$A$2:$H$55,8,0)*1000,0),1) -> 6.7
A7: =C7&F7 -> Northland RegionTotal | B7: 1 | C7: Northland Region | D7: 1112 | E7: General Managers | F7: Total | G7: Total | H7: 765 | I7: =ROUND(IFERROR(H7/VLOOKUP(A7,Totals!$A$2:$H$55,8,0)*1000,0),1) -> 8.5
A8: =C8&F8 -> Northland Region11 | B8: 1 | C8: Northland Region | D8: 1113 | E8: Legislators | F8: 11 | G8: Male/Tāne | H8: 33 | I8: =ROUND(IFERROR(H8/VLOOKUP(A8,Totals!$A$2:$H$55,8,0)*1000,0),1) -> 0.7
A9: =C9&F9 -> Northland Region22 | B9: 1 | C9: Northland Region | D9: 1113 | E9: Legislators | F9: 22 | G9: Female/Wahine | H9: 30 | I9: =ROUND(IFERROR(H9/VLOOKUP(A9,Totals!$A$2:$H$55,8,0)*1000,0),1) -> 0.7
A10: =C10&F10 -> Northland RegionTotal | B10: 1 | C10: Northland Region | D10: 1113 | E10: Legislators | F10: Total | G10: Total | H10: 63 | I10: =ROUND(IFERROR(H10/VLOOKUP(A10,Totals!$A$2:$H$55,8,0)*1000,0),1) -> 0.7
A11: =C11&F11 -> Northland Region11 | B11: 1 | C11: Northland Region | D11: 1211 | E11: Aquaculture Farmers | F11: 11 | G11: Male/Tāne | H11: 72 | I11: =ROUND(IFERROR(H11/VLOOKUP(A11,Totals!$A$2:$H$55,8,0)*1000,0),1) -> 1.6
A12: =C12&F12 -> Northland Region22 | B12: 1 | C12: Northland Region | D12: 1211 | E12: Aquaculture Farmers | F12: 22 | G12: Female/Wahine | H12: 12 | I12: =ROUND(IFERROR(H12/VLOOKUP(A12,Totals!$A$2:$H$55,8,0)*1000,0),1) -> 0.3
A13: =C13&F13 -> Northland RegionTotal | B13: 1 | C13: Northland Region | D13: 1211 | E13: Aquaculture Farmers | F13: Total | G13: Total | H13: 84 | I13: =ROUND(IFERROR(H13/VLOOKUP(A13,Totals!$A$2:$H$55,8,0)*1000,0),1) -> 0.9
... A1075: =C1075&F1075 -> Northland RegionTotal | B1075: 1 | C1075: Northland Region | D1075: 8999 | E1075: Other Miscellaneous Labourers | F1075: Total | G1075: Total | H1075: 1551 | I1075: =ROUND(IFERROR(H1075/VLOOKUP(A1075,Totals!$A$2:$H$55,8,0)*1000,0),1) -> 17.3
A1076: =C1076&F1076 -> Northland Region11 | B1076: 1 | C1076: Northland Region | E1076: Total stated | F1076: 11 | G1076: Male/Tāne | H1076: 45228 | I1076: =ROUND(IFERROR(H1076/VLOOKUP(A1076,Totals!$A$2:$H$55,8,0)*1000,0),1) -> 1000
A1077: =C1077&F1077 -> Northland Region22 | B1077: 1 | C1077: Northland Region | E1077: Total stated | F1077: 22 | G1077: Female/Wahine | H1077: 44292 | I1077: =ROUND(IFERROR(H1077/VLOOKUP(A1077,Totals!$A$2:$H$55,8,0)*1000,0),1) -> 1000
A1078: =C1078&F1078 -> Northland RegionTotal | B1078: 1 | C1078: Northland Region | E1078: Total stated | F1078: Total | G1078: Total | H1078: 89520 | I1078: =ROUND(IFERROR(H1078/VLOOKUP(A1078,Totals!$A$2:$H$55,8,0)*1000,0),1) -> 1000
A1079: =C1079&F1079 -> Northland Region11 | B1079: 1 | C1079: Northland Region | E1079: Total | F1079: 11 | G1079: Male/Tāne | H1079: 45228 | I1079: =ROUND(IFERROR(H1079/VLOOKUP(A1079,Totals!$A$2:$H$55,8,0)*1000,0),1) -> 1000
A1080: =C1080&F1080 -> Northland Region22 | B1080: 1 | C1080: Northland Region | E1080: Total | F1080: 22 | G1080: Female/Wahine | H1080: 44292 | I1080: =ROUND(IFERROR(H1080/VLOOKUP(A1080,Totals!$A$2:$H$55,8,0)*1000,0),1) -> 1000
A1081: =C1081&F1081 -> Northland RegionTotal | B1081: 1 | C1081: Northland Region | E1081: Total | F1081: Total | G1081: Total | H1081: 89520 | I1081: =ROUND(IFERROR(H1081/VLOOKUP(A1081,Totals!$A$2:$H$55,8,0)*1000,0),1) -> 1000
A1082: =C1082&F1082 -> Auckland Region11 | B1082: 2 | C1082: Auckland Region | D1082: 1111 | E1082: Chief Executives and Managing Directors | F1082: 11 | G1082: Male/Tāne | H1082: 14820 | I1082: =ROUND(IFERROR(H1082/VLOOKUP(A1082,Totals!$A$2:$H$55,8,0)*1000,0),1) -> 32.5
A1083: =C1083&F1083 -> Auckland Region22 | B1083: 2 | C1083: Auckland Region | D1083: 1111 | E1083: Chief Executives and Managing Directors | F1083: 22 | G1083: Female/Wahine | H1083: 6099 | I1083: =ROUND(IFERROR(H1083/VLOOKUP(A1083,Totals!$A$2:$H$55,8,0)*1000,0),1) -> 14.6
A1084: =C1084&F1084 -> Auckland RegionTotal | B1084: 2 | C1084: Auckland Region | D1084: 1111 | E1084: Chief Executives and Managing Directors | F1084: Total | G1084: Total | H1084: 20916 | I1084: =ROUND(IFERROR(H1084/VLOOKUP(A1084,Totals!$A$2:$H$55,8,0)*1000,0),1) -> 23.9
A1085: =C1085&F1085 -> Auckland Region11 | B1085: 2 | C1085: Auckland Region | D1085: 1112 | E1085: General Managers | F1085: 11 | G1085: Male/Tāne | H1085: 6897 | I1085: =ROUND(IFERROR(H1085/VLOOKUP(A1085,Totals!$A$2:$H$55,8,0)*1000,0),1) -> 15.1
A1086: =C1086&F1086 -> Auckland Region22 | B1086: 2 | C1086: Auckland Region | D1086: 1112 | E1086: General Managers | F1086: 22 | G1086: Female/Wahine | H1086: 3555 | I1086: =ROUND(IFERROR(H1086/VLOOKUP(A1086,Totals!$A$2:$H$55,8,0)*1000,0),1) -> 8.5
A1087: =C1087&F1087 -> Auckland RegionTotal | B1087: 2 | C1087: Auckland Region | D1087: 1112 | E1087: General Managers | F1087: Total | G1087: Total | H1087: 10452 | I1087: =ROUND(IFERROR(H1087/VLOOKUP(A1087,Totals!$A$2:$H$55,8,0)*1000,0),1) -> 12
A1088: =C1088&F1088 -> Auckland Region11 | B1088: 2 | C1088: Auckland Region | D1088: 1113 | E1088: Legislators | F1088: 11 | G1088: Male/Tāne | H1088: 156 | I1088: =ROUND(IFERROR(H1088/VLOOKUP(A1088,Totals!$A$2:$H$55,8,0)*1000,0),1) -> 0.3
A1089: =C1089&F1089 -> Auckland Region22 | B1089: 2 | C1089: Auckland Region | D1089: 1113 | E1089: Legislators | F1089: 22 | G1089: Female/Wahine | H1089: 123 | I1089: =ROUND(IFERROR(H1089/VLOOKUP(A1089,Totals!$A$2:$H$55,8,0)*1000,0),1) -> 0.3
A1090: =C1090&F1090 -> Auckland RegionTotal | B1090: 2 | C1090: Auckland Region | D1090: 1113 | E1090: Legislators | F1090: Total | G1090: Total | H1090: 282 | I1090: =ROUND(IFERROR(H1090/VLOOKUP(A1090,Totals!$A$2:$H$55,8,0)*1000,0),1) -> 0.3
A1091: =C1091&F1091 -> Auckland Region11 | B1091: 2 | C1091: Auckland Region | D1091: 1211 | E1091: Aquaculture Farmers | F1091: 11 | G1091: Male/Tāne | H1091: 84 | I1091: =ROUND(IFERROR(H1091/VLOOKUP(A1091,Totals!$A$2:$H$55,8,0)*1000,0),1) -> 0.2
A1092: =C1092&F1092 -> Auckland Region22 | B1092: 2 | C1092: Auckland Region | D1092: 1211 | E1092: Aquaculture Farmers | F1092: 22 | G1092: Female/Wahine | H1092: 27 | I1092: =ROUND(IFERROR(H1092/VLOOKUP(A1092,Totals!$A$2:$H$55,8,0)*1000,0),1) -> 0.1
A1093: =C1093&F1093 -> Auckland RegionTotal | B1093: 2 | C1093: Auckland Region | D1093: 1211 | E1093: Aquaculture Farmers | F1093: Total | G1093: Total | H1093: 108 | I1093: =ROUND(IFERROR(H1093/VLOOKUP(A1093,Totals!$A$2:$H$55,8,0)*1000,0),1) -> 0.1
... A2155: =C2155&F2155 -> Auckland RegionTotal | B2155: 2 | C2155: Auckland Region | D2155: 8999 | E2155: Other Miscellaneous Labourers | F2155: Total | G2155: Total | H2155: 11544 | I2155: =ROUND(IFERROR(H2155/VLOOKUP(A2155,Totals!$A$2:$H$55,8,0)*1000,0),1) -> 13.2
A2156: =C2156&F2156 -> Auckland Region11 | B2156: 2 | C2156: Auckland Region | E2156: Total stated | F2156: 11 | G2156: Male/Tāne | H2156: 456357 | I2156: =ROUND(IFERROR(H2156/VLOOKUP(A2156,Totals!$A$2:$H$55,8,0)*1000,0),1) -> 1000
A2157: =C2157&F2157 -> Auckland Region22 | B2157: 2 | C2157: Auckland Region | E2157: Total stated | F2157: 22 | G2157: Female/Wahine | H2157: 417696 | I2157: =ROUND(IFERROR(H2157/VLOOKUP(A2157,Totals!$A$2:$H$55,8,0)*1000,0),1) -> 1000
A2158: =C2158&F2158 -> Auckland RegionTotal | B2158: 2 | C2158: Auckland Region | E2158: Total stated | F2158: Total | G2158: Total | H2158: 874056 | I2158: =ROUND(IFERROR(H2158/VLOOKUP(A2158,Totals!$A$2:$H$55,8,0)*1000,0),1) -> 1000
A2159: =C2159&F2159 -> Auckland Region11 | B2159: 2 | C2159: Auckland Region | E2159: Total | F2159: 11 | G2159: Male/Tāne | H2159: 456357 | I2159: =ROUND(IFERROR(H2159/VLOOKUP(A2159,Totals!$A$2:$H$55,8,0)*1000,0),1) -> 1000
A2160: =C2160&F2160 -> Auckland Region22 | B2160: 2 | C2160: Auckland Region | E2160: Total | F2160: 22 | G2160: Female/Wahine | H2160: 417696 | I2160: =ROUND(IFERROR(H2160/VLOOKUP(A2160,Totals!$A$2:$H$55,8,0)*1000,0),1) -> 1000
A2161: =C2161&F2161 -> Auckland RegionTotal | B2161: 2 | C2161: Auckland Region | E2161: Total | F2161: Total | G2161: Total | H2161: 874056 | I2161: =ROUND(IFERROR(H2161/VLOOKUP(A2161,Totals!$A$2:$H$55,8,0)*1000,0),1) -> 1000
A2162: =C2162&F2162 -> Waikato Region11 | B2162: 3 | C2162: Waikato Region | D2162: 1111 | E2162: Chief Executives and Managing Directors | F2162: 11 | G2162: Male/Tāne | H2162: 3135 | I2162: =ROUND(IFERROR(H2162/VLOOKUP(A2162,Totals!$A$2:$H$55,8,0)*1000,0),1) -> 23.6
A2163: =C2163&F2163 -> Waikato Region22 | B2163: 3 | C2163: Waikato Region | D2163: 1111 | E2163: Chief Executives and Managing Directors | F2163: 22 | G2163: Female/Wahine | H2163: 1446 | I2163: =ROUND(IFERROR(H2163/VLOOKUP(A2163,Totals!$A$2:$H$55,8,0)*1000,0),1) -> 11.9
A2164: =C2164&F2164 -> Waikato RegionTotal | B2164: 3 | C2164: Waikato Region | D2164: 1111 | E2164: Chief Executives and Managing Directors | F2164: Total | G2164: Total | H2164: 4584 | I2164: =ROUND(IFERROR(H2164/VLOOKUP(A2164,Totals!$A$2:$H$55,8,0)*1000,0),1) -> 18
A2165: =C2165&F2165 -> Waikato Region11 | B2165: 3 | C2165: Waikato Region | D2165: 1112 | E2165: General Managers | F2165: 11 | G2165: Male/Tāne | H2165: 1455 | I2165: =ROUND(IFERROR(H2165/VLOOKUP(A2165,Totals!$A$2:$H$55,8,0)*1000,0),1) -> 11
A2166: =C2166&F2166 -> Waikato Region22 | B2166: 3 | C2166: Waikato Region | D2166: 1112 | E2166: General Managers | F2166: 22 | G2166: Female/Wahine | H2166: 825 | I2166: =ROUND(IFERROR(H2166/VLOOKUP(A2166,Totals!$A$2:$H$55,8,0)*1000,0),1) -> 6.8
A2167: =C2167&F2167 -> Waikato RegionTotal | B2167: 3 | C2167: Waikato Region | D2167: 1112 | E2167: General Managers | F2167: Total | G2167: Total | H2167: 2283 | I2167: =ROUND(IFERROR(H2167/VLOOKUP(A2167,Totals!$A$2:$H$55,8,0)*1000,0),1) -> 9
A2168: =C2168&F2168 -> Waikato Region11 | B2168: 3 | C2168: Waikato Region | D2168: 1113 | E2168: Legislators | F2168: 11 | G2168: Male/Tāne | H2168: 96 | I2168: =ROUND(IFERROR(H2168/VLOOKUP(A2168,Totals!$A$2:$H$55,8,0)*1000,0),1) -> 0.7
A2169: =C2169&F2169 -> Waikato Region22 | B2169: 3 | C2169: Waikato Region | D2169: 1113 | E2169: Legislators | F2169: 22 | G2169: Female/Wahine | H2169: 78 | I2169: =ROUND(IFERROR(H2169/VLOOKUP(A2169,Totals!$A$2:$H$55,8,0)*1000,0),1) -> 0.6
A2170: =C2170&F2170 -> Waikato RegionTotal | B2170: 3 | C2170: Waikato Region | D2170: 1113 | E2170: Legislators | F2170: Total | G2170: Total | H2170: 174 | I2170: =ROUND(IFERROR(H2170/VLOOKUP(A2170,Totals!$A$2:$H$55,8,0)*1000,0),1) -> 0.7
A2171: =C2171&F2171 -> Waikato Region11 | B2171: 3 | C2171: Waikato Region | D2171: 1211 | E2171: Aquaculture Farmers | F2171: 11 | G2171: Male/Tāne | H2171: 87 | I2171: =ROUND(IFERROR(H2171/VLOOKUP(A2171,Totals!$A$2:$H$55,8,0)*1000,0),1) -> 0.7
A2172: =C2172&F2172 -> Waikato Region22 | B2172: 3 | C2172: Waikato Region | D2172: 1211 | E2172: Aquaculture Farmers | F2172: 22 | G2172: Female/Wahine | H2172: 21 | I2172: =ROUND(IFERROR(H2172/VLOOKUP(A2172,Totals!$A$2:$H$55,8,0)*1000,0),1) -> 0.2
A2173: =C2173&F2173 -> Waikato RegionTotal | B2173: 3 | C2173: Waikato Region | D2173: 1211 | E2173: Aquaculture Farmers | F2173: Total | G2173: Total | H2173: 108 | I2173: =ROUND(IFERROR(H2173/VLOOKUP(A2173,Totals!$A$2:$H$55,8,0)*1000,0),1) -> 0.4
... A3235: =C3235&F3235 -> Waikato RegionTotal | B3235: 3 | C3235: Waikato Region | D3235: 8999 | E3235: Other Miscellaneous Labourers | F3235: Total | G3235: Total | H3235: 4230 | I3235: =ROUND(IFERROR(H3235/VLOOKUP(A3235,Totals!$A$2:$H$55,8,0)*1000,0),1) -> 16.6
A3236: =C3236&F3236 -> Waikato Region11 | B3236: 3 | C3236: Waikato Region | E3236: Total stated | F3236: 11 | G3236: Male/Tāne | H3236: 132852 | I3236: =ROUND(IFERROR(H3236/VLOOKUP(A3236,Totals!$A$2:$H$55,8,0)*1000,0),1) -> 1000
A3237: =C3237&F3237 -> Waikato Region22 | B3237: 3 | C3237: Waikato Region | E3237: Total stated | F3237: 22 | G3237: Female/Wahine | H3237: 121743 | I3237: =ROUND(IFERROR(H3237/VLOOKUP(A3237,Totals!$A$2:$H$55,8,0)*1000,0),1) -> 1000
A3238: =C3238&F3238 -> Waikato RegionTotal | B3238: 3 | C3238: Waikato Region | E3238: Total stated | F3238: Total | G3238: Total | H3238: 254598 | I3238: =ROUND(IFERROR(H3238/VLOOKUP(A3238,Totals!$A$2:$H$55,8,0)*1000,0),1) -> 1000
A3239: =C3239&F3239 -> Waikato Region11 | B3239: 3 | C3239: Waikato Region | E3239: Total | F3239: 11 | G3239: Male/Tāne | H3239: 132852 | I3239: =ROUND(IFERROR(H3239/VLOOKUP(A3239,Totals!$A$2:$H$55,8,0)*1000,0),1) -> 1000
A3240: =C3240&F3240 -> Waikato Region22 | B3240: 3 | C3240: Waikato Region | E3240: Total | F3240: 22 | G3240: Female/Wahine | H3240: 121743 | I3240: =ROUND(IFERROR(H3240/VLOOKUP(A3240,Totals!$A$2:$H$55,8,0)*1000,0),1) -> 1000
A3241: =C3241&F3241 -> Waikato RegionTotal | B3241: 3 | C3241: Waikato Region | E3241: Total | F3241: Total | G3241: Total | H3241: 254598 | I3241: =ROUND(IFERROR(H3241/VLOOKUP(A3241,Totals!$A$2:$H$55,8,0)*1000,0),1) -> 1000
A3242: =C3242&F3242 -> Bay of Plenty Region11 | B3242: 4 | C3242: Bay of Plenty Region | D3242: 1111 | E3242: Chief Executives and Managing Directors | F3242: 11 | G3242: Male/Tāne | H3242: 2322 | I3242: =ROUND(IFERROR(H3242/VLOOKUP(A3242,Totals!$A$2:$H$55,8,0)*1000,0),1) -> 27.3
A3243: =C3243&F3243 -> Bay of Plenty Region22 | B3243: 4 | C3243: Bay of Plenty Region | D3243: 1111 | E3243: Chief Executives and Managing Directors | F3243: 22 | G3243: Female/Wahine | H3243: 1119 | I3243: =ROUND(IFERROR(H3243/VLOOKUP(A3243,Totals!$A$2:$H$55,8,0)*1000,0),1) -> 13.8
A3244: =C3244&F3244 -> Bay of Plenty RegionTotal | B3244: 4 | C3244: Bay of Plenty Region | D3244: 1111 | E3244: Chief Executives and Managing Directors | F3244: Total | G3244: Total | H3244: 3441 | I3244: =ROUND(IFERROR(H3244/VLOOKUP(A3244,Totals!$A$2:$H$55,8,0)*1000,0),1) -> 20.7
A3245: =C3245&F3245 -> Bay of Plenty Region11 | B3245: 4 | C3245: Bay of Plenty Region | D3245: 1112 | E3245: General Managers | F3245: 11 | G3245: Male/Tāne | H3245: 1020 | I3245: =ROUND(IFERROR(H3245/VLOOKUP(A3245,Totals!$A$2:$H$55,8,0)*1000,0),1) -> 12
A3246: =C3246&F3246 -> Bay of Plenty Region22 | B3246: 4 | C3246: Bay of Plenty Region | D3246: 1112 | E3246: General Managers | F3246: 22 | G3246: Female/Wahine | H3246: 549 | I3246: =ROUND(IFERROR(H3246/VLOOKUP(A3246,Totals!$A$2:$H$55,8,0)*1000,0),1) -> 6.8
A3247: =C3247&F3247 -> Bay of Plenty RegionTotal | B3247: 4 | C3247: Bay of Plenty Region | D3247: 1112 | E3247: General Managers | F3247: Total | G3247: Total | H3247: 1566 | I3247: =ROUND(IFERROR(H3247/VLOOKUP(A3247,Totals!$A$2:$H$55,8,0)*1000,0),1) -> 9.4
A3248: =C3248&F3248 -> Bay of Plenty Region11 | B3248: 4 | C3248: Bay of Plenty Region | D3248: 1113 | E3248: Legislators | F3248: 11 | G3248: Male/Tāne | H3248: 54 | I3248: =ROUND(IFERROR(H3248/VLOOKUP(A3248,Totals!$A$2:$H$55,8,0)*1000,0),1) -> 0.6
A3249: =C3249&F3249 -> Bay of Plenty Region22 | B3249: 4 | C3249: Bay of Plenty Region | D3249: 1113 | E3249: Legislators | F3249: 22 | G3249: Female/Wahine | H3249: 36 | I3249: =ROUND(IFERROR(H3249/VLOOKUP(A3249,Totals!$A$2:$H$55,8,0)*1000,0),1) -> 0.4
A3250: =C3250&F3250 -> Bay of Plenty RegionTotal | B3250: 4 | C3250: Bay of Plenty Region | D3250: 1113 | E3250: Legislators | F3250: Total | G3250: Total | H3250: 93 | I3250: =ROUND(IFERROR(H3250/VLOOKUP(A3250,Totals!$A$2:$H$55,8,0)*1000,0),1) -> 0.6
A3251: =C3251&F3251 -> Bay of Plenty Region11 | B3251: 4 | C3251: Bay of Plenty Region | D3251: 1211 | E3251: Aquaculture Farmers | F3251: 11 | G3251: Male/Tāne | H3251: 39 | I3251: =ROUND(IFERROR(H3251/VLOOKUP(A3251,Totals!$A$2:$H$55,8,0)*1000,0),1) -> 0.5
A3252: =C3252&F3252 -> Bay of Plenty Region22 | B3252: 4 | C3252: Bay of Plenty Region | D3252: 1211 | E3252: Aquaculture Farmers | F3252: 22 | G3252: Female/Wahine | H3252: 6 | I3252: =ROUND(IFERROR(H3252/VLOOKUP(A3252,Totals!$A$2:$H$55,8,0)*1000,0),1) -> 0.1
A3253: =C3253&F3253 -> Bay of Plenty RegionTotal | B3253: 4 | C3253: Bay of Plenty Region | D3253: 1211 | E3253: Aquaculture Farmers | F3253: Total | G3253: Total | H3253: 45 | I3253: =ROUND(IFERROR(H3253/VLOOKUP(A3253,Totals!$A$2:$H$55,8,0)*1000,0),1) -> 0.3
... A4315: =C4315&F4315 -> Bay of Plenty RegionTotal | B4315: 4 | C4315: Bay of Plenty Region | D4315: 8999 | E4315: Other Miscellaneous Labourers | F4315: Total | G4315: Total | H4315: 2670 | I4315: =ROUND(IFERROR(H4315/VLOOKUP(A4315,Totals!$A$2:$H$55,8,0)*1000,0),1) -> 16
A4316: =C4316&F4316 -> Bay of Plenty Region11 | B4316: 4 | C4316: Bay of Plenty Region | E4316: Total stated | F4316: 11 | G4316: Male/Tāne | H4316: 85191 | I4316: =ROUND(IFERROR(H4316/VLOOKUP(A4316,Totals!$A$2:$H$55,8,0)*1000,0),1) -> 1000
A4317: =C4317&F4317 -> Bay of Plenty Region22 | B4317: 4 | C4317: Bay of Plenty Region | E4317: Total stated | F4317: 22 | G4317: Female/Wahine | H4317: 81174 | I4317: =ROUND(IFERROR(H4317/VLOOKUP(A4317,Totals!$A$2:$H$55,8,0)*1000,0),1) -> 1000
A4318: =C4318&F4318 -> Bay of Plenty RegionTotal | B4318: 4 | C4318: Bay of Plenty Region | E4318: Total stated | F4318: Total | G4318: Total | H4318: 166365 | I4318: =ROUND(IFERROR(H4318/VLOOKUP(A4318,Totals!$A$2:$H$55,8,0)*1000,0),1) -> 1000
A4319: =C4319&F4319 -> Bay of Plenty Region11 | B4319: 4 | C4319: Bay of Plenty Region | E4319: Total | F4319: 11 | G4319: Male/Tāne | H4319: 85191 | I4319: =ROUND(IFERROR(H4319/VLOOKUP(A4319,Totals!$A$2:$H$55,8,0)*1000,0),1) -> 1000
A4320: =C4320&F4320 -> Bay of Plenty Region22 | B4320: 4 | C4320: Bay of Plenty Region | E4320: Total | F4320: 22 | G4320: Female/Wahine | H4320: 81174 | I4320: =ROUND(IFERROR(H4320/VLOOKUP(A4320,Totals!$A$2:$H$55,8,0)*1000,0),1) -> 1000
A4321: =C4321&F4321 -> Bay of Plenty RegionTotal | B4321: 4 | C4321: Bay of Plenty Region | E4321: Total | F4321: Total | G4321: Total | H4321: 166365 | I4321: =ROUND(IFERROR(H4321/VLOOKUP(A4321,Totals!$A$2:$H$55,8,0)*1000,0),1) -> 1000
A4322: =C4322&F4322 -> Gisborne Region11 | B4322: 5 | C4322: Gisborne Region | D4322: 1111 | E4322: Chief Executives and Managing Directors | F4322: 11 | G4322: Male/Tāne | H4322: 219 | I4322: =ROUND(IFERROR(H4322/VLOOKUP(A4322,Totals!$A$2:$H$55,8,0)*1000,0),1) -> 17.3
A4323: =C4323&F4323 -> Gisborne Region22 | B4323: 5 | C4323: Gisborne Region | D4323: 1111 | E4323: Chief Executives and Managing Directors | F4323: 22 | G4323: Female/Wahine | H4323: 129 | I4323: =ROUND(IFERROR(H4323/VLOOKUP(A4323,Totals!$A$2:$H$55,8,0)*1000,0),1) -> 11
A4324: =C4324&F4324 -> Gisborne RegionTotal | B4324: 5 | C4324: Gisborne Region | D4324: 1111 | E4324: Chief Executives and Managing Directors | F4324: Total | G4324: Total | H4324: 351 | I4324: =ROUND(IFERROR(H4324/VLOOKUP(A4324,Totals!$A$2:$H$55,8,0)*1000,0),1) -> 14.4
A4325: =C4325&F4325 -> Gisborne Region11 | B4325: 5 | C4325: Gisborne Region | D4325: 1112 | E4325: General Managers | F4325: 11 | G4325: Male/Tāne | H4325: 117 | I4325: =ROUND(IFERROR(H4325/VLOOKUP(A4325,Totals!$A$2:$H$55,8,0)*1000,0),1) -> 9.3
A4326: =C4326&F4326 -> Gisborne Region22 | B4326: 5 | C4326: Gisborne Region | D4326: 1112 | E4326: General Managers | F4326: 22 | G4326: Female/Wahine | H4326: 96 | I4326: =ROUND(IFERROR(H4326/VLOOKUP(A4326,Totals!$A$2:$H$55,8,0)*1000,0),1) -> 8.2
A4327: =C4327&F4327 -> Gisborne RegionTotal | B4327: 5 | C4327: Gisborne Region | D4327: 1112 | E4327: General Managers | F4327: Total | G4327: Total | H4327: 213 | I4327: =ROUND(IFERROR(H4327/VLOOKUP(A4327,Totals!$A$2:$H$55,8,0)*1000,0),1) -> 8.7
A4328: =C4328&F4328 -> Gisborne Region11 | B4328: 5 | C4328: Gisborne Region | D4328: 1113 | E4328: Legislators | F4328: 11 | G4328: Male/Tāne | H4328: 9 | I4328: =ROUND(IFERROR(H4328/VLOOKUP(A4328,Totals!$A$2:$H$55,8,0)*1000,0),1) -> 0.7
A4329: =C4329&F4329 -> Gisborne Region22 | B4329: 5 | C4329: Gisborne Region | D4329: 1113 | E4329: Legislators | F4329: 22 | G4329: Female/Wahine | H4329: 6 | I4329: =ROUND(IFERROR(H4329/VLOOKUP(A4329,Totals!$A$2:$H$55,8,0)*1000,0),1) -> 0.5
A4330: =C4330&F4330 -> Gisborne RegionTotal | B4330: 5 | C4330: Gisborne Region | D4330: 1113 | E4330: Legislators | F4330: Total | G4330: Total | H4330: 15 | I4330: =ROUND(IFERROR(H4330/VLOOKUP(A4330,Totals!$A$2:$H$55,8,0)*1000,0),1) -> 0.6
A4331: =C4331&F4331 -> Gisborne Region11 | B4331: 5 | C4331: Gisborne Region | D4331: 1211 | E4331: Aquaculture Farmers | F4331: 11 | G4331: Male/Tāne | H4331: 15 | I4331: =ROUND(IFERROR(H4331/VLOOKUP(A4331,Totals!$A$2:$H$55,8,0)*1000,0),1) -> 1.2
A4332: =C4332&F4332 -> Gisborne Region22 | B4332: 5 | C4332: Gisborne Region | D4332: 1211 | E4332: Aquaculture Farmers | F4332: 22 | G4332: Female/Wahine | H4332: 6 | I4332: =ROUND(IFERROR(H4332/VLOOKUP(A4332,Totals!$A$2:$H$55,8,0)*1000,0),1) -> 0.5
A4333: =C4333&F4333 -> Gisborne RegionTotal | B4333: 5 | C4333: Gisborne Region | D4333: 1211 | E4333: Aquaculture Farmers | F4333: Total | G4333: Total | H4333: 18 | I4333: =ROUND(IFERROR(H4333/VLOOKUP(A4333,Totals!$A$2:$H$55,8,0)*1000,0),1) -> 0.7
... A5395: =C5395&F5395 -> Gisborne RegionTotal | B5395: 5 | C5395: Gisborne Region | D5395: 8999 | E5395: Other Miscellaneous Labourers | F5395: Total | G5395: Total | H5395: 600 | I5395: =ROUND(IFERROR(H5395/VLOOKUP(A5395,Totals!$A$2:$H$55,8,0)*1000,0),1) -> 24.6
A5396: =C5396&F5396 -> Gisborne Region11 | B5396: 5 | C5396: Gisborne Region | E5396: Total stated | F5396: 11 | G5396: Male/Tāne | H5396: 12630 | I5396: =ROUND(IFERROR(H5396/VLOOKUP(A5396,Totals!$A$2:$H$55,8,0)*1000,0),1) -> 1000
A5397: =C5397&F5397 -> Gisborne Region22 | B5397: 5 | C5397: Gisborne Region | E5397: Total stated | F5397: 22 | G5397: Female/Wahine | H5397: 11742 | I5397: =ROUND(IFERROR(H5397/VLOOKUP(A5397,Totals!$A$2:$H$55,8,0)*1000,0),1) -> 1000
A5398: =C5398&F5398 -> Gisborne RegionTotal | B5398: 5 | C5398: Gisborne Region | E5398: Total stated | F5398: Total | G5398: Total | H5398: 24375 | I5398: =ROUND(IFERROR(H5398/VLOOKUP(A5398,Totals!$A$2:$H$55,8,0)*1000,0),1) -> 1000
A5399: =C5399&F5399 -> Gisborne Region11 | B5399: 5 | C5399: Gisborne Region | E5399: Total | F5399: 11 | G5399: Male/Tāne | H5399: 12630 | I5399: =ROUND(IFERROR(H5399/VLOOKUP(A5399,Totals!$A$2:$H$55,8,0)*1000,0),1) -> 1000
A5400: =C5400&F5400 -> Gisborne Region22 | B5400: 5 | C5400: Gisborne Region | E5400: Total | F5400: 22 | G5400: Female/Wahine | H5400: 11742 | I5400: =ROUND(IFERROR(H5400/VLOOKUP(A5400,Totals!$A$2:$H$55,8,0)*1000,0),1) -> 1000
A5401: =C5401&F5401 -> Gisborne RegionTotal | B5401: 5 | C5401: Gisborne Region | E5401: Total | F5401: Total | G5401: Total | H5401: 24375 | I5401: =ROUND(IFERROR(H5401/VLOOKUP(A5401,Totals!$A$2:$H$55,8,0)*1000,0),1) -> 1000
A5402: =C5402&F5402 -> Hawke's Bay Region11 | B5402: 6 | C5402: Hawke's Bay Region | D5402: 1111 | E5402: Chief Executives and Managing Directors | F5402: 11 | G5402: Male/Tāne | H5402: 1128 | I5402: =ROUND(IFERROR(H5402/VLOOKUP(A5402,Totals!$A$2:$H$55,8,0)*1000,0),1) -> 24.7
A5403: =C5403&F5403 -> Hawke's Bay Region22 | B5403: 6 | C5403: Hawke's Bay Region | D5403: 1111 | E5403: Chief Executives and Managing Directors | F5403: 22 | G5403: Female/Wahine | H5403: 495 | I5403: =ROUND(IFERROR(H5403/VLOOKUP(A5403,Totals!$A$2:$H$55,8,0)*1000,0),1) -> 11.6
A5404: =C5404&F5404 -> Hawke's Bay RegionTotal | B5404: 6 | C5404: Hawke's Bay Region | D5404: 1111 | E5404: Chief Executives and Managing Directors | F5404: Total | G5404: Total | H5404: 1626 | I5404: =ROUND(IFERROR(H5404/VLOOKUP(A5404,Totals!$A$2:$H$55,8,0)*1000,0),1) -> 18.4
A5405: =C5405&F5405 -> Hawke's Bay Region11 | B5405: 6 | C5405: Hawke's Bay Region | D5405: 1112 | E5405: General Managers | F5405: 11 | G5405: Male/Tāne | H5405: 525 | I5405: =ROUND(IFERROR(H5405/VLOOKUP(A5405,Totals!$A$2:$H$55,8,0)*1000,0),1) -> 11.5
...

Sheet Totals
A1: LOOKUP | B1: geographyVars | C1: geographyVars_label | D1: occupationVars | E1: occupationVars_label | F1: i_sex_at_birth_code | G1: i_sex_at_birth_code_label | H1: Count
A2: =C2&F2 -> Northland Region11 | B2: 1 | C2: Northland Region | E2: Total stated | F2: 11 | G2: Male/Tāne | H2: 45228
A3: =C3&F3 -> Northland Region22 | B3: 1 | C3: Northland Region | E3: Total stated | F3: 22 | G3: Female/Wahine | H3: 44292
A4: =C4&F4 -> Northland RegionTotal | B4: 1 | C4: Northland Region | E4: Total stated | F4: Total | G4: Total | H4: 89520
A5: =C5&F5 -> Auckland Region11 | B5: 2 | C5: Auckland Region | E5: Total stated | F5: 11 | G5: Male/Tāne | H5: 456357
A6: =C6&F6 -> Auckland Region22 | B6: 2 | C6: Auckland Region | E6: Total stated | F6: 22 | G6: Female/Wahine | H6: 417696
A7: =C7&F7 -> Auckland RegionTotal | B7: 2 | C7: Auckland Region | E7: Total stated | F7: Total | G7: Total | H7: 874056
A8: =C8&F8 -> Waikato Region11 | B8: 3 | C8: Waikato Region | E8: Total stated | F8: 11 | G8: Male/Tāne | H8: 132852
A9: =C9&F9 -> Waikato Region22 | B9: 3 | C9: Waikato Region | E9: Total stated | F9: 22 | G9: Female/Wahine | H9: 121743
A10: =C10&F10 -> Waikato RegionTotal | B10: 3 | C10: Waikato Region | E10: Total stated | F10: Total | G10: Total | H10: 254598
A11: =C11&F11 -> Bay of Plenty Region11 | B11: 4 | C11: Bay of Plenty Region | E11: Total stated | F11: 11 | G11: Male/Tāne | H11: 85191
A12: =C12&F12 -> Bay of Plenty Region22 | B12: 4 | C12: Bay of Plenty Region | E12: Total stated | F12: 22 | G12: Female/Wahine | H12: 81174
A13: =C13&F13 -> Bay of Plenty RegionTotal | B13: 4 | C13: Bay of Plenty Region | E13: Total stated | F13: Total | G13: Total | H13: 166365
... A52: =C52&F52 -> Area Outside RegionTotal | B52: 99 | C52: Area Outside Region | E52: Total stated | F52: Total | G52: Total | H52: 423
A53: =C53&F53 -> Total11 | C53: Total | E53: Total stated | F53: 11 | G53: Male/Tāne | H53: 1360242
A54: =C54&F54 -> Total22 | C54: Total | E54: Total stated | F54: 22 | G54: Female/Wahine | H54: 1262481
A55: =C55&F55 -> TotalTotal | C55: Total | E55: Total stated | F55: Total | G55: Total | H55: 2622723
